A- SE
LAKELAND FLYING TIGERS @ DAYTONA TORTUGAS
09/06/2041
 
TOP OF THE 1ST
Lakeland Flying Tigers batting - Pitching for Daytona Tortugas : RHP Jeff Harrell
Pitching: RHP Jeff Harrell
Batting: RHB Jerry Jarvis 0-0: Called Strike
0-1: Ball
1-1: Called Strike
1-2: Strikes out swinging
Batting: SHB Ed Murray 0-0: Called Strike
0-1: Ball
1-1: Ball
2-1: Fly out, F8 (Flyball, 8RD, EV 88.8 MPH)
Batting: RHB Jeff Hewitt 0-0: Ball
1-0: Fly out, F2 (Popup, 25F, EV 81.9 MPH)
Top of the 1st over - 0 runs, 0 hits, 0 errors, 0 left on base; Lakeland 0 - Daytona 0
BOTTOM OF THE 1ST
Daytona Tortugas batting - Pitching for Lakeland Flying Tigers : RHP Jamal Smith
Pitching: RHP Jamal Smith
Batting: RHB Pete King 0-0: Foul Ball, location: 2RF
0-1: Ball
1-1: Ground out 6-3 (Groundball, 6, EV 88.1 MPH)
Batting: RHB Phil Hill 0-0: Ball
1-0: Ground out 1-3 (Groundball, 13S, EV 67.5 MPH)
Batting: LHB Zak O'Toole 0-0: Ball
1-0: Fly out, F7 (Flyball, 7LM, EV 83.8 MPH)
Bottom of the 1st over - 0 runs, 0 hits, 0 errors, 0 left on base; Lakeland 0 - Daytona 0
TOP OF THE 2ND
Lakeland Flying Tigers batting - Pitching for Daytona Tortugas : RHP Jeff Harrell
Batting: RHB Dave Stratford 0-0: Fly out, F8 (Line Drive, 8RD, EV 92.5 MPH)
Batting: RHB Jim Anderson 0-0: Ball
1-0: Foul Ball, location: 7LDF
1-1: Ball
2-1: Swinging Strike
2-2: Strikes out swinging
Batting: RHB Cristo Navarro 0-0: Ball
1-0: Ball
2-0: Ball
3-0: Called Strike
3-1: Base on Balls
Batting: RHB Ismael Mason 0-0: Ball
1-0: Swinging Strike
1-1: Foul Ball, location: 2F
1-2: SINGLE (Line Drive, 3D, EV 95.6 MPH)
Cristo Navarro to second
Runner from 2nd tries for 3rd, SAFE, throw by RF made to third
Batting: RHB Esteban Luna 0-0: Called Strike
Ismael Mason is caught stealing 2nd base 2-4
Top of the 2nd over - 0 runs, 1 hit, 0 errors, 1 left on base; Lakeland 0 - Daytona 0
BOTTOM OF THE 2ND
Daytona Tortugas batting - Pitching for Lakeland Flying Tigers : RHP Jamal Smith
Batting: RHB César Fernández 0-0: Ball
1-0: Called Strike
1-1: Ground out 3-1 (Groundball, 34, EV 100.6 MPH)
Batting: LHB Steve Wolfe 0-0: Called Strike
0-1: Swinging Strike
0-2: SINGLE (Groundball, 4D, EV 107.5 MPH)
Batting: RHB Gene Glass 0-0: Grounds into double play, 6-4-3 (Groundball, 6, EV 104.4 MPH)
Bottom of the 2nd over - 0 runs, 1 hit, 0 errors, 0 left on base; Lakeland 0 - Daytona 0
TOP OF THE 3RD
Lakeland Flying Tigers batting - Pitching for Daytona Tortugas : RHP Jeff Harrell
Batting: RHB Esteban Luna 0-0: Ball
1-0: Ball
2-0: Ball
3-0: Base on Balls
Batting: RHB Josh Webb 0-0: Sac Bunt to 23 - play at first, batter OUT! 3-4
Esteban Luna to second
Batting: RHB Jerry Jarvis 0-0: Fly out, F7 (Flyball, 7, EV 98.1 MPH)
Batting: SHB Ed Murray 0-0: Ball
1-0: Foul Ball, location: 5DF
1-1: Called Strike
1-2: Strikes out swinging
Top of the 3rd over - 0 runs, 0 hits, 0 errors, 1 left on base; Lakeland 0 - Daytona 0
BOTTOM OF THE 3RD
Daytona Tortugas batting - Pitching for Lakeland Flying Tigers : RHP Jamal Smith
Batting: RHB Greg Allison 0-0: Fly out, F4 (Line Drive, 4M, EV 63.8 MPH)
Batting: RHB Augusto Lerma 0-0: DOUBLE (Flyball, 8LXD, EV 110.6 MPH)
Batting: LHB Ernesto Pacheco 0-0: Called Strike
0-1: TRIPLE (Line Drive, 9LD, EV 105.6 MPH)
Augusto Lerma scores
Batting: RHB Pete King 0-0: Ground out 6-3 (Groundball, 6M, EV 108.8 MPH)
Batting: RHB Phil Hill 0-0: Swinging Strike
0-1: Ball
1-1: Ball
2-1: DOUBLE (Line Drive, 89D, EV 107.5 MPH)
Ernesto Pacheco scores
Batting: LHB Zak O'Toole 0-0: Ball
1-0: Called Strike
1-1: Foul Ball, location: 7LMF
1-2: Ball
2-2: Ground out 6-3 (Groundball, 6, EV 101.9 MPH)
Bottom of the 3rd over - 2 runs, 3 hits, 0 errors, 1 left on base; Lakeland 0 - Daytona 2
TOP OF THE 4TH
Lakeland Flying Tigers batting - Pitching for Daytona Tortugas : RHP Jeff Harrell
Batting: RHB Jeff Hewitt 0-0: Ball
1-0: Foul Ball, location: 2F
1-1: Ball
2-1: Ball
3-1: Foul Ball, location: 2F
3-2: Reached on error, E6 (Groundball, 56, EV 82.5 MPH)
Batting: RHB Dave Stratford 0-0: Swinging Strike
0-1: Swinging Strike
0-2: Foul Ball, location: 2F
0-2: DOUBLE (Line Drive, 9LS, EV 110.6 MPH)
Jeff Hewitt to third
Batting: RHB Jim Anderson 0-0: Ball
1-0: Called Strike
1-1: Foul Ball, location: 25FF
1-2: Ground out U3 (Groundball, 34, EV 86.3 MPH)
Jeff Hewitt scores
Dave Stratford to third
Batting: RHB Cristo Navarro 0-0: Called Strike
0-1: Ball
1-1: Ball
2-1: Ball
3-1: Foul Ball, location: 9LSF
3-2: Ground out 5-3 (Groundball, 56, EV 101.3 MPH)
Dave Stratford scores
Batting: RHB Ismael Mason 0-0: Called Strike
0-1: Ball
1-1: Ball
2-1: Foul Ball, location: 2F
2-2: Ball
3-2: Strikes out swinging
Top of the 4th over - 2 runs, 1 hit, 1 error, 0 left on base; Lakeland 2 - Daytona 2
BOTTOM OF THE 4TH
Daytona Tortugas batting - Pitching for Lakeland Flying Tigers : RHP Jamal Smith
Batting: RHB César Fernández 0-0: Called Strike
0-1: Ball
1-1: Swinging Strike
1-2: Ball
2-2: Strikes out swinging
Batting: LHB Steve Wolfe 0-0: Ball
1-0: Ball
2-0: Swinging Strike
2-1: Foul Ball, location: 23FF
2-2: Foul Ball, location: 7LMF
2-2: Foul Ball, location: 2F
2-2: Ball
3-2: Strikes out swinging
Batting: RHB Gene Glass 0-0: Ball
1-0: Ball
2-0: Called Strike
2-1: Ball
3-1: Fly out, F7 (Flyball, 78S, EV 92.5 MPH)
Bottom of the 4th over - 0 runs, 0 hits, 0 errors, 0 left on base; Lakeland 2 - Daytona 2
TOP OF THE 5TH
Lakeland Flying Tigers batting - Pitching for Daytona Tortugas : RHP Jeff Harrell
Batting: RHB Esteban Luna 0-0: Ball
1-0: Ball
2-0: Foul Ball, location: 3SF
2-1: Foul Ball, location: 3SF
2-2: Foul Ball, location: 3SF
2-2: Ball
3-2: SINGLE (Line Drive, 3D, EV 98.1 MPH)
Batting: RHB Josh Webb 0-0: Sac Bunt to P - play at first, batter OUT! 1-3
Esteban Luna to second
Batting: RHB Jerry Jarvis 0-0: Swinging Strike
0-1: Foul Ball, location: 3FF
0-2: Hit by Pitch
Batting: SHB Ed Murray 0-0: Ball
1-0: Called Strike
Esteban Luna steals 3rd base
Jerry Jarvis to second
1-1: Ball
2-1: Called Strike
2-2: Strikes out swinging
Batting: RHB Jeff Hewitt 0-0: Ball
1-0: Ball
2-0: Ball
3-0: Base on Balls
Batting: RHB Dave Stratford 0-0: Ball
1-0: Called Strike
1-1: Ball
2-1: Ball
3-1: Base on Balls
Esteban Luna scores
Jerry Jarvis to third
Jeff Hewitt to second
Batting: RHB Jim Anderson 0-0: Fly out, F9 (Flyball, 9LM, EV 95.6 MPH)
Top of the 5th over - 1 run, 1 hit, 0 errors, 3 left on base; Lakeland 3 - Daytona 2
BOTTOM OF THE 5TH
Daytona Tortugas batting - Pitching for Lakeland Flying Tigers : RHP Jamal Smith
Batting: RHB Greg Allison 0-0: Ball
1-0: Ball
2-0: Foul Ball, location: 5F
2-1: Ground out 4-3 (Groundball, 4S, EV 89.4 MPH)
Batting: RHB Augusto Lerma 0-0: SINGLE (Groundball, 56D, EV 96.9 MPH)
Batting: LHB Ernesto Pacheco 0-0: Ball
1-0: Ground out 4-3 (Groundball, 34, EV 104.4 MPH)
Augusto Lerma to second
Batting: RHB Pete King 0-0: Foul Ball, location: 9LSF
0-1: Ball
1-1: Swinging Strike
1-2: Ball
2-2: Foul Ball, location: 2F
2-2: Foul Ball, location: 9LSF
2-2: Ground out 5-3 (Groundball, 56, EV 90.0 MPH)
Bottom of the 5th over - 0 runs, 1 hit, 0 errors, 1 left on base; Lakeland 3 - Daytona 2
TOP OF THE 6TH
Lakeland Flying Tigers batting - Pitching for Daytona Tortugas : RHP Jeff Harrell
Batting: RHB Cristo Navarro 0-0: Ground out 6-3 (Groundball, 6, EV 82.5 MPH)
Batting: RHB Ismael Mason 0-0: Foul Ball, location: 2F
0-1: Swinging Strike
0-2: Ball
1-2: SOLO HOME RUN (Flyball, 78XD, EV 105.0 MPH), Distance : 418 ft
Batting: RHB Esteban Luna 0-0: Foul Ball, location: 2F
0-1: Foul Ball, location: 2F
0-2: Foul Ball, location: 25F
0-2: Ball
1-2: Foul Ball, location: 2F
1-2: Fly out, F6 (Popup, 4MS, EV 65.0 MPH)
Batting: RHB Josh Webb 0-0: Swinging Strike
0-1: Swinging Strike
0-2: Ball
1-2: DOUBLE (Line Drive, 9LM, EV 108.1 MPH)
Batting: RHB Jerry Jarvis 0-0: Called Strike
0-1: Ground out 5-3 (Groundball, 56S, EV 66.9 MPH)
Top of the 6th over - 1 run, 2 hits, 0 errors, 1 left on base; Lakeland 4 - Daytona 2
BOTTOM OF THE 6TH
Daytona Tortugas batting - Pitching for Lakeland Flying Tigers : RHP Jamal Smith
Batting: RHB Phil Hill 0-0: Ball
1-0: Called Strike
1-1: Ball
2-1: Foul Ball, location: 2F
2-2: Foul Ball, location: 7LSF
2-2: Foul Ball, location: 3FF
2-2: SINGLE (Groundball, 4, EV 79.4 MPH) (infield hit)
Batting: LHB Zak O'Toole 0-0: Foul Ball, location: 7LMF
0-1: Ball
1-1: Fly out, F7 (Line Drive, 78M, EV 83.8 MPH)
Batting: RHB César Fernández 0-0: Ball
1-0: DOUBLE (Line Drive, 78XD, EV 101.3 MPH)
Phil Hill to third
Runner from 3rd tries for Home, SAFE, throw by CF to home
Batting: LHB Steve Wolfe 0-0: Ball
1-0: Ground out 6-3 (Groundball, 6, EV 92.5 MPH)
Batting: RHB Gene Glass 0-0: Ball
1-0: Ball
2-0: Foul Ball, location: 23F
2-1: Ball
3-1: Base on Balls
Batting: RHB Greg Allison 0-0: Ball
1-0: Called Strike
1-1: Called Strike
1-2: Foul Ball, location: 3F
1-2: Foul Ball, location: 2F
1-2: Foul Ball, location: 3SF
1-2: Strikes out swinging
Bottom of the 6th over - 1 run, 2 hits, 0 errors, 2 left on base; Lakeland 4 - Daytona 3
TOP OF THE 7TH
Lakeland Flying Tigers batting - Pitching for Daytona Tortugas : RHP Jeff Harrell
Batting: SHB Ed Murray 0-0: Ground out 3-1 (Groundball, 34, EV 105.6 MPH)
Batting: RHB Jeff Hewitt 0-0: Swinging Strike
0-1: Called Strike
0-2: Strikes out swinging
Batting: RHB Dave Stratford 0-0: Called Strike
0-1: Ball
1-1: Ball
2-1: Fly out, F8 (Flyball, 8LD, EV 93.8 MPH)
Top of the 7th over - 0 runs, 0 hits, 0 errors, 0 left on base; Lakeland 4 - Daytona 3
BOTTOM OF THE 7TH
Daytona Tortugas batting - Pitching for Lakeland Flying Tigers : RHP Jamal Smith
Pinch Hitting: LHB Julián Zamora 0-0: Foul Ball, location: 7LDF
0-1: Ball
1-1: Called Strike
1-2: Ground out 5-3 (Groundball, 56, EV 100.6 MPH)
Batting: LHB Ernesto Pacheco 0-0: Ball
1-0: Swinging Strike
1-1: Ball
2-1: Foul Ball, location: 7LSF
2-2: Ball
3-2: Foul Ball, location: 2F
3-2: Base on Balls
Batting: RHB Pete King 0-0: Ball
1-0: Grounds into double play, 6-4-3 (Groundball, 6M, EV 77.5 MPH)
Bottom of the 7th over - 0 runs, 0 hits, 0 errors, 0 left on base; Lakeland 4 - Daytona 3
TOP OF THE 8TH
Lakeland Flying Tigers batting - Pitching for Daytona Tortugas : RHP Jeff Harrell
Pitching: LHP Dan Martínez
Now in RF: Julián Zamora
Batting: RHB Jim Anderson 0-0: Foul Ball, location: 2F
0-1: Ball
1-1: Ball
2-1: Foul Ball, location: 3F
2-2: Fly out, F6 (Popup, 6M, EV 75.6 MPH)
Batting: RHB Cristo Navarro 0-0: Ball
1-0: Swinging Strike
1-1: Ball
2-1: Foul Ball, location: 7LSF
2-2: Ball
3-2: Foul Ball, location: 2F
3-2: Base on Balls
Batting: RHB Ismael Mason 0-0: Called Strike
0-1: Swinging Strike
0-2: Foul Ball, location: 5F
0-2: Foul Ball, location: 25FF
0-2: Ball
1-2: Foul Ball, location: 9LDF
1-2: Ball
2-2: Foul Ball, location: 5F
2-2: Strikes out swinging
Batting: RHB Esteban Luna 0-0: Called Strike
0-1: Ball
1-1: Ball
2-1: Ball
3-1: Base on Balls
Cristo Navarro to second
Batting: RHB Josh Webb 0-0: Ball
1-0: Called Strike
1-1: Ball
2-1: Called Strike
2-2: Strikes out swinging
Top of the 8th over - 0 runs, 0 hits, 0 errors, 2 left on base; Lakeland 4 - Daytona 3
BOTTOM OF THE 8TH
Daytona Tortugas batting - Pitching for Lakeland Flying Tigers : RHP Jamal Smith
Batting: RHB Phil Hill 0-0: Swinging Strike
0-1: Ball
1-1: Swinging Strike
1-2: Ball
2-2: Foul Ball, location: 2F
2-2: Strikes out looking
Batting: LHB Zak O'Toole 0-0: Foul Ball, location: 7LDF
0-1: Foul Ball, location: 5F
0-2: Ball
1-2: Ball
2-2: Foul Ball, location: 2F
2-2: Ball
3-2: Foul Ball, location: 7LDF
3-2: Ground out 4-3 (Groundball, 4S, EV 83.8 MPH)
Batting: RHB César Fernández 0-0: Ball
1-0: Ground out U3 (Groundball, 3S, EV 82.5 MPH)
Bottom of the 8th over - 0 runs, 0 hits, 0 errors, 0 left on base; Lakeland 4 - Daytona 3
TOP OF THE 9TH
Lakeland Flying Tigers batting - Pitching for Daytona Tortugas : LHP Dan Martínez
Batting: RHB Jerry Jarvis 0-0: Ball
1-0: Hit by Pitch
Batting: SHB Ed Murray 0-0: Called Strike
0-1: Ball
1-1: Sac Bunt to 3S - play at first, batter OUT! 3-1
Jerry Jarvis to second
Batting: RHB Jeff Hewitt 0-0: Ball
1-0: Swinging Strike
1-1: Ball
2-1: Ball
3-1: Called Strike
3-2: Strikes out looking
Batting: RHB Dave Stratford 0-0: Ball
1-0: Swinging Strike
1-1: Foul Ball, location: 3F
1-2: 2-RUN HOME RUN (Flyball, 89XD, EV 99.4 MPH), Distance : 406 ft
Pitching: RHP António Juárez
Batting: RHB Jim Anderson 0-0: Hit by Pitch
Batting: RHB Cristo Navarro 0-0: Ball
1-0: Ball
2-0: Foul Ball, location: 9LSF
2-1: Ball
3-1: Base on Balls
Jim Anderson to second
Batting: RHB Ismael Mason 0-0: Swinging Strike
0-1: Foul Ball, location: 25F
0-2: Strikes out swinging
Top of the 9th over - 2 runs, 1 hit, 0 errors, 2 left on base; Lakeland 6 - Daytona 3
BOTTOM OF THE 9TH
Daytona Tortugas batting - Pitching for Lakeland Flying Tigers : RHP Jamal Smith
Pitching: RHP Chris Petty
Now at 1B: Cristóbal Flores
Now in RF: Randy Leduc
Batting: LHB Steve Wolfe 0-0: Ball
1-0: Ground out U3 (Groundball, 3, EV 95.6 MPH)
Pinch Hitting: RHB Kevin Brooks 0-0: Foul Ball, location: 7LSF
0-1: Ball
1-1: Called Strike
1-2: Foul Ball, location: 2F
1-2: Strikes out swinging
Batting: RHB Greg Allison 0-0: Called Strike
0-1: Swinging Strike
0-2: Foul Ball, location: 3DF
0-2: Strikes out looking
Bottom of the 9th over - 0 runs, 0 hits, 0 errors, 0 left on base; Lakeland 6 - Daytona 3
Monday, April 1st , 2024 - OOTP Baseball 24.10 Build 82